Map: Terraplenes de priones

Players

Alfonso - Winner!

  • Race: Terran Terran
  • League: Bronze

xXkazperXx

  • Race: Zerg Zerg
  • League: Bronze

VOD

Have the link to the VOD?

Description

Time

  • Played on: March 13, 2016, 4:37 a.m.
  • Length: 44:23
Show
View Real Time Build Order
Export as new Build Order

Alfonso Terran - Winner!

Build Orders:  

Get SALT Encoding   

  12  0:19  Supply Depot  
  12  0:43  Refinery  
  12  0:44  Barracks  
  12  0:55  Barracks  
  12  1:32  SCV  
  13  1:33  Barracks  
  13  1:39  Barracks Reactor  
  13  1:46  Barracks Reactor  
  13  2:15  Marine x2, Supply Depot  
  14  2:19  Barracks Reactor  
  15  2:25  Marine x2  
  17  2:33  Marine x2  
  19  2:43  Marine x2  
  16  3:26  Marine  
  17  3:27  Marine x5  
  22  3:39  Supply Depot  
  22  3:44  Marine  
  23  4:02  SCV  
  24  4:05  Engineering Bay  
  24  4:14  SCV  
  24  4:16  Marine  
  24  4:17  Marine  
  27  4:38  Ghost Academy  
  27  4:50  Planetary Fortress  
  27  4:57  Marine  
  28  5:17  Factory  
  28  5:23  Marine  
  28  5:24  Marine x2  
  31  5:51  Personal Cloaking  
  31  6:01  Terran Infantry Armor Level 1  
  31  6:05  Supply Depot  
  31  6:07  Factory Tech Lab  
  31  6:27  SCV  
  31  6:28  Supply Depot  
  32  6:39  SCV  
  33  7:02  Siege Tank  
  36  7:17  Nuke  
  36  7:21  Supply Depot  
  36  7:30  Barracks  
  36  7:55  Terran Infantry Weapons Level 1  
  36  7:56  SCV  
  37  8:17  Command Center  
  32  9:28  SCV  
  32  9:31  Siege Tank  
  36  9:34  Barracks Tech Lab  
  36  9:45  Ghost Academy  
  36  9:46  SCV  
  36  9:50  Orbital Command  
  37  9:58  SCV  
  38  10:03  Siege Tank  
  41  10:10  SCV  
  41  10:13  Ghost  
  44  10:20  Refinery  
  44  10:22  SCV  
  44  10:26  SCV  
  46  10:33  Refinery  
  46  10:34  SCV  
  47  10:38  SCV  
  48  10:50  SCV  
  49  10:59  Starport  
  49  11:00  SCV  
  49  11:03  SCV  
  51  11:10  Barracks Reactor  
  51  11:12  SCV  
  52  11:21  Barracks Reactor  
  52  11:24  SCV  
  52  11:25  Barracks Reactor  
  53  11:36  SCV  
  54  11:47  SCV  
  55  11:59  SCV  
  55  12:00  Medivac  
  56  12:11  SCV  
  57  12:23  SCV  
  58  12:36  SCV  
  49  12:45  Command Center  
  49  12:48  SCV  
  50  12:54  Marine  
  50  12:55  Marine x5  
  56  13:00  SCV  
  57  13:12  Marine x6, SCV  
  64  13:26  Missile Turret  
  64  13:30  Marine x6  
  70  13:49  Refinery  
  70  13:56  Marine x6  
  75  14:23  Missile Turret  
  75  14:51  Missile Turret  
  71  15:29  Marine  
  71  15:30  Marine x5  
  71  15:33  Nuke  
  71  15:34  Nuke  
  77  15:37  Ghost  
  79  15:45  Missile Turret  
  79  15:47  Marine x2  
  79  15:48  Marine x4  
  85  15:53  Missile Turret  
  85  16:01  Starport Reactor  
  85  16:07  Starport, Missile Turret  
  85  16:26  Missile Turret  
  85  17:06  Starport  
  85  17:10  Starport Tech Lab  
  85  17:11  Missile Turret  
  85  17:26  Missile Turret  
  85  17:31  Missile Turret  
  85  18:25  Marine x2  
  85  18:32  Missile Turret  
  85  18:34  Planetary Fortress  
  85  18:45  Marine  
  85  18:46  Ghost  
  85  18:47  Marine x3  
  85  18:49  Marine x2, Missile Turret  
  84  19:03  Marine  
  85  19:31  Missile Turret  
  85  19:33  Missile Turret  
  85  19:35  Missile Turret  
  85  19:58  Supply Depot  
  85  20:01  Missile Turret  
  85  20:02  Supply Depot  
  85  20:04  Supply Depot x2  
  85  20:05  Supply Depot  
  85  20:06  Supply Depot  
  85  20:09  Supply Depot  
  85  20:19  Marine x2, Ghost, Viking x2  
  93  20:23  Marine x4  
  93  20:24  SCV, Viking  
  93  20:25  Viking  
  102  20:36  SCV  
  102  20:37  Marine x2  
  102  20:41  Marine x4  
  106  20:47  Ghost  
  106  20:48  SCV  
  106  20:49  Viking x2  
  113  20:53  Viking  
  113  20:55  Marine x2, Viking  
  118  20:59  Marine x4  
  118  21:00  SCV  
  118  21:01  Supply Depot  
  120  21:16  Ghost  
  116  21:19  Viking x2  
  116  21:23  Viking  
  116  21:25  Viking  
  114  21:44  Ghost  
  110  21:59  Viking  
  110  22:02  Viking  
  110  22:21  Nuke  
  110  22:48  Supply Depot  
  110  23:02  Armory  
  110  23:10  Medivac x2, Viking x2  
  118  23:52  Engineering Bay  
  118  24:31  Terran Infantry Weapons Level 2, Terran Infantry Armor Level 2  
  118  24:35  Terran Vehicle Weapons Level 1  
  118  25:33  Command Center  
  118  26:50  Terran Infantry Weapons Level 3  
  118  26:52  Terran Infantry Armor Level 3  
  115  29:14  Barracks Tech Lab  
  115  29:21  Factory Tech Lab  
  115  29:24  Starport Tech Lab  
  115  29:30  Starport Tech Lab  
  115  29:51  Refinery  
  115  29:54  Refinery  
  115  30:28  Command Center  
  115  30:36  Engineering Bay  
  115  30:38  Engineering Bay  
  115  31:03  Supply Depot x3  
  115  31:04  Supply Depot  
  115  31:05  Supply Depot  
  115  31:06  Supply Depot, Ghost Academy  
  115  31:08  Ghost Academy  
  115  31:13  Supply Depot  
  108  31:34  Orbital Command  
  107  31:40  Nuke x2  
  76  34:38  Refinery  
  76  34:40  Command Center  
  76  34:49  Supply Depot  
  76  34:50  Supply Depot  
  76  34:52  Supply Depot  
  76  34:54  Supply Depot  
  76  34:55  Supply Depot  
  76  34:57  Supply Depot  
  76  35:01  Supply Depot x2  
  76  35:02  Supply Depot x2  
  76  35:03  Supply Depot  
  76  35:16  Marine x2  
  76  35:18  Marine x5, Siege Tank  
  86  35:34  Marine x2  
  88  35:36  Marine x5  
  93  35:50  Siege Tank  
  93  35:52  Marine x2  
  93  35:54  Marine x5, Orbital Command  
  103  36:10  Marine x2  
  105  36:11  Marine x5  
  110  36:22  Siege Tank  
  113  36:28  Marine x2  
  113  36:29  Marine x5  
  120  36:45  Marine x2  
  122  36:47  Marine x4  
  126  36:55  Siege Tank  
  129  37:03  Marine x2  
  131  37:27  Siege Tank  
  134  37:46  Nuke x2  
  129  39:04  Nuke  
  129  39:09  Banshee  
  132  39:10  Banshee  
  132  39:12  Marine  
  132  39:13  Marine x5  
  141  40:28  Marine x6, Banshee, SCV  
  141  40:32  Banshee  
  141  40:41  SCV  
  137  40:46  Marine x5  
  137  40:47  Marine  
  140  40:53  SCV  
  141  41:09  Marine x2  
  141  42:04  Cloaking Field  
  141  42:07  High Capacity Fuel Tanks  
  141  42:08  Infernal Pre-Igniter  
  141  42:46  Marine x2  
  141  43:29  Marine  
  141  43:32  Marine x3  
  126  44:10  SCV  
Show
View Real Time Build Order
Export as new Build Order

xXkazperXx Zerg 

Build Orders: Pool First, Lurkers 

Get SALT Encoding   

  12  0:02  Drone  
  13  0:07  Drone  
  14  0:21  Overlord  
  14  0:28  Extractor  
  13  0:42  Spawning Pool, Drone  
  13  0:47  Drone  
  14  0:55  Drone x2  
  16  1:07  Drone  
  17  1:22  Drone  
  18  1:31  Zergling x2  
  19  1:35  Queen  
  21  1:42  Metabolic Boost  
  21  1:45  Drone  
  22  2:02  Overlord  
  22  2:13  Spine Crawler  
  22  2:14  Drone  
  22  2:25  Roach Warren  
  22  2:28  Spore Crawler  
  20  2:31  Drone x3  
  20  2:36  Extractor  
  22  2:40  Lair  
  22  3:35  Overlord x2  
  22  3:51  Hydralisk Den  
  21  3:56  Roach x3  
  27  4:13  Hatchery  
  27  4:16  Drone  
  27  4:38  Hydralisk x4  
  27  4:39  Hydralisk  
  37  5:07  Drone  
  38  5:15  Overlord x2  
  38  5:33  Zergling x6  
  38  5:34  Zergling x2  
  41  5:36  Pneumatized Carapace  
  41  5:41  Lurker Den  
  41  5:49  Spine Crawler  
  40  5:55  Drone x3  
  43  5:59  Queen  
  45  6:15  Drone x3  
  45  6:17  Drone  
  49  6:35  Burrow  
  49  6:36  Ravager x3  
  52  7:22  Overlord x3  
  52  7:40  Spine Crawler  
  53  7:44  Lurker x4  
  53  7:45  Spine Crawler  
  53  7:48  Zergling x4  
  56  7:54  Drone x2  
  56  7:56  Zergling x8  
  62  9:12  Hydralisk x3  
  68  9:20  Spire  
  67  9:41  Drone x3  
  67  9:44  Drone  
  67  9:45  Drone x2  
  72  10:12  Infestation Pit  
  72  10:14  Overlord x2, Drone x3  
  74  10:27  Extractor  
  73  10:29  Drone x2  
  75  11:03  Mutalisk x3  
  79  11:06  Mutalisk  
  79  11:07  Mutalisk x2  
  87  11:13  Hive  
  87  11:29  Baneling Nest  
  86  11:45  Drone x3  
  86  12:16  Baneling x7  
  86  12:17  Baneling x9  
  86  12:18  Baneling  
  86  12:24  Extractor  
  86  12:25  Drone x3  
  85  12:58  Hydralisk x3  
  85  13:05  Greater Spire  
  91  13:07  Overlord x3  
  91  13:38  Drone x3  
  94  13:44  Hatchery  
  70  15:05  Overseer  
  70  15:08  Drone  
  71  15:18  Lurker x6  
  71  15:19  Lurker  
  78  15:32  Drone x2  
  78  15:35  Drone x3  
  83  15:39  Extractor  
  83  15:41  Spore Crawler  
  81  15:44  Corruptor  
  81  15:46  Corruptor x3  
  89  15:50  Overlord  
  89  15:56  Extractor  
  88  17:30  Spore Crawler  
  87  17:37  Corruptor  
  89  17:45  Drone x2  
  91  17:54  Extractor  
  90  18:32  Brood Lord  
  92  19:32  Brood Lord x2  
  96  19:43  Hydralisk x3  
  102  19:47  Extractor  
  101  19:53  Drone x3  
  70  22:09  Corruptor  
  70  22:10  Corruptor x2  
  70  22:13  Viper x2  
  70  22:14  Viper  
  85  22:23  Drone x3  
  88  22:51  Mutalisk, Hatchery  
  87  22:52  Mutalisk x2  
  87  22:56  Zergling x6  
  96  23:04  Infestor x2  
  100  23:10  Drone  
  101  23:14  Drone x3  
  104  23:27  Zergling x4  
  104  23:30  Zergling x6  
  109  23:51  Extractor  
  109  23:54  Tunneling Claws  
  108  24:00  Neural Parasite  
  108  24:06  Corruptor x2  
  108  24:07  Corruptor  
  114  24:12  Brood Lord  
  114  24:16  Drone x2  
  118  24:19  Drone x3  
  122  24:24  Drone x3  
  124  24:31  Extractor  
  123  24:42  Overseer  
  123  24:44  Hatchery  
  122  24:51  Overlord x2  
  122  24:54  Queen  
  124  25:17  Ultralisk Cavern  
  123  25:39  Baneling x8  
  123  25:40  Baneling x8  
  123  25:45  Brood Lord x3  
  121  26:47  Drone x3  
  124  27:44  Brood Lord x2  
  125  30:03  Extractor  
  124  30:12  Extractor  
  123  30:34  Zergling x6  
  126  30:36  Zergling x6  
  126  30:39  Zergling x12  
  126  30:40  Hatchery  
  126  30:42  Zergling x14  
  141  30:51  Zergling x6  
  141  30:52  Zergling x6  
  141  30:55  Ultralisk  
  150  31:36  Baneling x9  
  150  31:37  Baneling x3  
  150  31:42  Corruptor x2  
  150  31:43  Corruptor x2  
  158  31:53  Ultralisk  
  158  31:56  Infestor x2  
  99  33:45  Zergling x4  
  99  33:46  Zergling x2  
  76  34:02  Ultralisk x3  
  94  34:04  Lair  
  94  34:09  Ultralisk x3  
  106  34:11  Glial Reconstitution  
  106  34:13  Muscular Augments  
  106  34:14  Pathogen Glands  
  106  34:16  Zerg Flyer Weapons Level 1  
  106  34:29  Drone x3  
  109  34:37  Drone x6  
  115  34:53  Drone  
  115  34:54  Drone x2  
  118  35:08  Overlord x3  
  118  35:36  Corruptor x3  
  118  35:38  Corruptor x3  
  118  35:39  Corruptor x3  
  118  35:41  Viper x2  
  142  35:44  Overlord  
  142  35:59  Overlord  
  142  36:00  Overlord x2  
  142  36:06  Zergling x4  
  142  36:08  Hatchery  
  142  36:09  Zergling x4  
  145  36:25  Swarm Host x2  
  150  37:00  Spine Crawler  
  139  37:32  Overseer  
  122  37:42  Hydralisk x3  
  128  37:44  Hydralisk  
  128  37:45  Hydralisk x2  
  134  38:07  Hatchery  
  73  38:29  Brood Lord  
  73  38:30  Brood Lord  
  73  38:32  Corruptor  
  73  38:33  Corruptor x2  
  83  38:43  Mutalisk x3  
  83  38:46  Zergling x6  
  92  38:59  Spore Crawler  
  92  39:01  Spore Crawler  
  90  39:04  Spine Crawler  
  90  39:06  Spine Crawler  
  88  39:12  Zergling x6  
  88  39:14  Zergling x4  
  88  39:15  Zergling x2  
  94  39:17  Zergling x4  
  94  39:22  Extractor  
  95  39:28  Drone  
  96  39:33  Hydralisk x3  
  96  39:36  Hydralisk x2  
  103  39:39  Mutalisk x2  
  107  39:45  Zergling x2  
  107  39:46  Zergling x2  
  107  39:50  Baneling x4  
  107  39:51  Baneling  
  109  40:06  Extractor  
  108  40:08  Extractor, Drone x3  
  110  40:14  Baneling x5  
  103  40:47  Drone x3  
  106  40:51  Drone x3  
  109  41:00  Zergling x6  
  112  41:15  Mutalisk x2  
  112  41:17  Hydralisk  
  118  41:27  Spawning Pool  
  118  41:32  Overlord x4  
  118  42:08  Drone x3  
  120  42:20  Extractor  
  116  42:23  Extractor, Drone x3  
  111  42:51  Roach Warren  
  111  42:53  Zergling x4  
Tags
 
Add a new tag
Caveats
  • Supply blocks, unpowered buildings, or Contaminate may cause inaccurate times.
  • Supply counts are checked every 10 seconds.